 Dungeon Crawl Stone Soup version 0.13-a0-2474-g552a472 (webtiles) character file.

2609 JogiH the Thaumaturge (level 9, -6/75 HPs)
             Began as a Djinni Wizard on July 18, 2013.
             Was a Follower of Sif Muna.
             Killed by divine providence
             ... invoked by an orc priest
              (12 damage)
             ... on Level 8 of the Dungeon.
             The game lasted 00:42:35 (14530 turns).

JogiH the Thaumaturge (Djinni Wizard)              Turns: 14530, Time: 00:42:35

HP  -6/75        AC  3     Str  8      XL: 9   Next: 13%
MP   0/0         EV 12     Int 21      God: Sif Muna [*.....]
Gold 385         SH  0     Dex 12      Spells:  5 memorised, 16 levels left

Res.Fire  : + + +   See Invis. : .   o - +1 orc short sword (chaos)
Res.Cold  : x . .   Warding    : .   r - +0 robe
Life Prot.: + + +   Conserve   : .   (no shield)
Res.Poison: .       Res.Corr.  : .   J - +1 wizard hat
Res.Elec. : .       Clarity    : .   (no cloak)
Sust.Abil.: . .     Spirit.Shd : .   (no gloves)
Res.Mut.  : .       Stasis     : .   (boots unavailable)
Res.Rott. : .       Flight     : .   (no amulet)
Saprovore : . . .                    y - +0,+6 ring of slaying
                                     (no ring)

@: slightly resistant to hostile enchantments, unstealthy
A: no striking features
a: Channel Energy, Renounce Religion


You were on level 8 of the Dungeon.
You worshipped Sif Muna.
Sif Muna was pleased with you.
You were not hungry.

You visited 2 branches of the dungeon, and saw 9 of its levels.

You collected 365 gold pieces.

Inventory:

Hand weapons
 o - a +1,+1 orcish short sword of chaos (weapon)
 t - a +2,+2 orcish hammer of crushing
 B - a +3,+1 dwarven battleaxe of electrocution
 D - a +2,+2 scimitar of freezing
 E - a +3,+2 dagger of freezing (quivered)
 F - a cursed -2,+0 orcish mace
 K - a cursed +3,+2 great mace
Armour
 r - a +0 robe (worn)
 J - a +1 wizard hat (worn)
Magical devices
 b - a wand of magic darts (16) {unknown}
Scrolls
 g - a scroll of random uselessness {unknown}
 j - 6 scrolls of identify
 k - 2 scrolls of teleportation
 l - a scroll of fog
 m - a scroll of curse weapon
 u - 2 scrolls of curse jewellery {unknown}
 w - 2 scrolls of blinking {unknown}
 x - a scroll of curse armour {unknown}
 A - a scroll of enchant weapon II {unknown}
 C - 3 scrolls of amnesia {unknown}
 H - a scroll of recharging {unknown}
 I - a scroll of remove curse
Jewellery
 i - an uncursed ring of hunger
 y - a +0,+6 ring of slaying (right hand)
 G - a -2 ring of strength
Potions
 a - a potion of magic {unknown}
 d - 5 potions of heal wounds {unknown}
 e - 2 potions of might {unknown}
 f - 9 potions of curing {unknown}
 h - 3 potions of degeneration {unknown}
 n - 3 potions of slowing {unknown}
 q - a potion of confusion {unknown}
 s - 3 potions of agility {unknown}
 v - a potion of brilliance {unknown}
 z - 2 potions of restore abilities {unknown}
Books
 c - a book of Minor Magic

   Spells                             Type                      Level
   *Magic Dart                        Conjuration                  1
   *Blink                             Translocation                2
   *Call Imp                          Summoning                    2
   Repel Missiles                     Charms/Air                   2
   Slow                               Hexes                        2
   *Conjure Flame                     Conjuration/Fire             3
   *Mephitic Cloud                    Conjuration/Poison/Air       3
Magical staves
 p - an uncursed staff of death


   Skills:
 - Level 1.7 Dodging
 - Level 1.5 Stealth
 + Level 9.8 Spellcasting
 + Level 8.6 Conjurations
 + Level 2.9 Summonings
 - Level 2.0 Translocations
 - Level 1.0 Fire Magic
 - Level 1.0 Air Magic
 - Level 1.0 Poison Magic


You had 16 spell levels left.
You knew the following spells:

 Your Spells              Type           Power        Failure   Level  Hunger
a - Magic Dart            Conj           ####         1%          1    None
b - Blink                 Tloc           N/A          4%          2    None
c - Call Imp              Summ           ###.......   3%          2    None
d - Conjure Flame         Conj/Fire      ####....     2%          3    None
e - Mephitic Cloud        Conj/Pois/Air  ####....     4%          3    None


Dungeon Overview and Level Annotations

Branches:
Dungeon (8/27)             Temple (1/1) D:7
    Orc: D:6-11        Lair: D:8-13

Altars:
Cheibriados
Fedhas
Makhleb
Nemelex Xobeh
Okawaru
Sif Muna
Trog
Vehumet
Xom
Yredelemnul
Zin
the Shining One

Annotations
D:7 Blork the orc


Message History

Press: ? - help, Shift-Dir - straight line, f/p - orc warrior
Aim: an orc warrior, wielding an orcish glaive and wearing an orcish plate armour (almost dead, bewildered and confused)
The magic dart hits the orc warrior.
The orc warrior is almost dead.
Casting: Magic Dart
Confirm with . or Enter, or press ? or * to list all spells.
Aiming: Magic Dart
Press: ? - help, Shift-Dir - straight line, f/p - orc warrior
Aim: an orc warrior, wielding an orcish glaive and wearing an orcish plate armour (almost dead, bewildered and confused)
The magic dart hits the orc warrior.
The orc warrior is almost dead.
Casting: Magic Dart
Confirm with . or Enter, or press ? or * to list all spells.
Okay, then.
The orc priest seems less confused.
The orc warrior laughs crazily.
The crimson imp shouts!
The orc priest calls down the wrath of Beogh upon you.
Something smites you!
You die...

########################
#>.....%o))....@....5...
#....[....####..........
#........ยง# #.........
#..####...# #.....####
#..# #...# #....<# #..#
'.o.# #.....# #..#
##...# #.....# #...
....# #.....#
#....o..... .......#


You could see an orc priest and a crimson imp.

Vanquished Creatures
  A hungry ghost (D:6)
  2 ice beasts
  An orc warrior (D:8)
  4 ogres
  A giant frog (D:7)
  3 killer bees
  8 wights
  4 crimson imps
  5 orc priests
  2 scorpions
  A hound (D:5)
  An iguana (D:5)
  6 orc wizards
  3 worker ants
  Jessica (D:3)
  A jelly (D:7)
  10 adders
  3 gnolls (D:7)
  A giant mite (D:3)
  3 worms
  A goliath beetle zombie (D:6)
  3 giant eyeballs
  10 giant geckos
  An ooze (D:1)
  22 orcs
  3 ball pythons
  9 goblins
  7 hobgoblins
  5 quokkas
  12 bats
  A giant cockroach (D:6)
  A giant gecko skeleton (D:5)
  3 giant newts
  6 jackals
  14 kobolds
  2 kobold skeletons
  13 rats
174 creatures vanquished.

Vanquished Creatures (collateral kills)
  An ice beast (D:7)
  Terence (D:3)
  3 adders
  An ooze (D:3)
  A hobgoblin (D:2)
  2 kobolds
  A rat (D:2)
  A fungus (D:4)
11 creatures vanquished.

Vanquished Creatures (others)
  2 crimson imps (D:7)
  2 iron imps
  3 white imps
  An orc (D:2)
  A fungus (D:4)
9 creatures vanquished.

Grand Total: 194 creatures vanquished

Notes
Turn   | Place    | Note
--------------------------------------------------------------
     0 | D:1      | JogiH, the Djinni Wizard, began the quest for the Orb.
     0 | D:1      | Reached XP level 1. HP: 14/14 MP: 0/0
   368 | D:1      | Reached XP level 2. EP: 15/22
   416 | D:1      | Learned a level 2 spell: Blink
   419 | D:1      | Learned a level 2 spell: Call Imp
   432 | D:1      | Reached skill level 4 in Spellcasting
  1207 | D:2      | Reached XP level 3. EP: 21/29
  1530 | D:2      | Found a burning altar of Makhleb.
  1947 | D:2      | Reached XP level 4. EP: 29/37
  1994 | D:2      | Learned a level 3 spell: Conjure Flame
  1998 | D:2      | Learned a level 3 spell: Mephitic Cloud
  2066 | D:2      | Found a shimmering altar of Xom.
  3251 | D:3      | Noticed Jessica
  3258 | D:3      | Killed Jessica
  3258 | D:3      | Reached skill level 5 in Spellcasting
  3498 | D:3      | Noticed Terence
  4607 | D:3      | Killed Terence
  4607 | D:3      | Reached XP level 5. EP: 16/44
  4965 | D:4      | Reached skill level 1 in Air Magic
  5032 | D:4      | Found a blossoming altar of Fedhas.
  5035 | D:4      | Paralysed by a giant eyeball for 2 turns
  5038 | D:4      | Paralysed by a giant eyeball for 4 turns
  5867 | D:4      | Noticed an ogre
  5886 | D:4      | Killed an ogre
  5886 | D:4      | Reached skill level 6 in Spellcasting
  5886 | D:4      | Reached XP level 6. EP: 2/53
  6375 | D:4      | Noticed an ogre
  6387 | D:4      | Killed an ogre
  6387 | D:4      | Reached skill level 5 in Conjurations
  6565 | D:4      | Noticed an ogre
  6571 | D:4      | Killed an ogre
  6571 | D:4      | Reached skill level 1 in Fire Magic
  6571 | D:4      | Reached XP level 7. EP: 31/59
  7606 | D:5      | Entered Level 5 of the Dungeon
  7791 | D:5      | Reached skill level 1 in Poison Magic
  7948 | D:5      | Reached skill level 7 in Spellcasting
  8101 | D:5      | Found a snail-covered altar of Cheibriados.
  8904 | D:6      | Found a glowing golden altar of the Shining One.
  9445 | D:6      | Reached XP level 8. EP: 34/68
 10045 | D:6      | Found a glowing silver altar of Zin.
 10132 | D:6      | Reached skill level 8 in Spellcasting
 10261 | D:6      | Paralysed by a giant eyeball for 2 turns
 10547 | D:6      | Found a burning altar of Makhleb.
 11732 | D:7      | Found an iron altar of Okawaru.
 11789 | D:7      | Found a sparkling altar of Nemelex Xobeh.
 11789 | D:7      | Found a blossoming altar of Fedhas.
 11789 | D:7      | Found a deep blue altar of Sif Muna.
 11793 | D:7      | Became a worshipper of Sif Muna the Loreminder
 11795 | D:7      | Found a bloodstained altar of Trog.
 11853 | D:7      | Reached skill level 9 in Spellcasting
 12007 | D:7      | Noticed Blork the orc
 12161 | D:7      | Found a staircase to the Ecumenical Temple.
 13154 | D:7      | Found a basalt altar of Yredelemnul.
 13228 | D:7      | Reached XP level 9. EP: 45/75
 13792 | Temple   | Entered the Ecumenical Temple
 14218 | D:8      | Acquired Sif Muna's first power
 14530 | D:8      | Killed from afar by an orc priest

Action                   |  1- 3 |  4- 6 |  7- 9 || total
-------------------------+-------+-------+-------++-------
Melee: Unarmed           |     4 |       |       ||     4
       Short sword       |       |    33 |    30 ||    63
 Cast: Magic Dart        |    74 |   126 |   316 ||   516
       Call Imp          |     4 |    15 |    14 ||    33
       Conjure Flame     |       |    15 |    46 ||    61
       Mephitic Cloud    |       |    12 |    26 ||    38
  Use: Scroll            |     1 |     1 |     5 ||     7
